[Event "2nd Ramco Technology Open 2019"]
[Site "Rajapalayam"]
[Date "2019.12.02"]
[Round "5.5"]
[White "Murali Krishnan B T"]
[Black "Vijay Kumar Pakkurti"]
[Result "1-0"]
[ECO "D63"]
[WhiteElo "2197"]
[BlackElo "1247"]
[Annotator "ChessBase"]
[PlyCount "49"]
[EventDate "2019.12.01"]
[EventType "swiss"]
[EventCountry "IND"]
[SourceTitle "playchess.com"]
[Source "ChessBase"]
[SourceQuality "1"]
[TimeControl "5400+30"]

1. d4 d5 2. c4 e6 3. Nc3 Nf6 4. Bg5 Nbd7 5. e3 Be7 6. Nf3 O-O 7. Rc1 c6 8. a3 h6 9. Bh4 a6 10. cxd5 exd5 11. Bd3 Re8 12. Bg3 Nf8 13. O-O Bg4 14. Qb3 Bxf3 15. gxf3 b5 16. Ne2 Qd7 17. Rc3 Nh5 18. Rfc1 Nxg3 19. hxg3 Bg5 20. Rxc6 Qh3 21. f4 Rxe3 22. fxe3 Bxf4 23. exf4 g5 24. Qxd5 Re8 25. Rf6 1-0

[Event "2nd Ramco Technology Open 2019"]
[Site "Rajapalayam"]
[Date "2019.12.02"]
[Round "6.2"]
[White "Muthaiah AL"]
[Black "Harikrishnan.A.Ra"]
[Result "1/2-1/2"]
[ECO "E04"]
[WhiteElo "2363"]
[BlackElo "2440"]
[Annotator "RC"]
[PlyCount "40"]
[EventDate "2019.12.01"]
[EventType "swiss"]
[EventCountry "IND"]
[SourceTitle "playchess.com"]
[Source "ChessBase"]
[SourceQuality "1"]
[TimeControl "5400+30"]

1. d4 Nf6 2. c4 e6 3. g3 d5 4. Bg2 dxc4 5. Nf3 c5 6. O-O Nc6 7. dxc5 Qxd1 8. Rxd1 Bxc5 9. Nbd2 c3 10. bxc3 O-O 11. Nb3 Be7 12. c4 Bd7 13. Bb2 Rfd8 14. Nfd4 Rac8 15. c5 Nxd4 16. Bxd4 Bc6 17. Rab1 Be4 18. Rbc1 Bxg2 19. Kxg2 h6 20. Bxf6 Bxf6 1/2-1/2

[Event "2nd Ramco Technology Open 2019"]
[Site "Rajapalayam"]
[Date "2019.12.03"]
[Round "7.5"]
[White "Sree Veeramani P"]
[Black "Manigandan, S S"]
[Result "0-1"]
[ECO "B44"]
[WhiteElo "1748"]
[BlackElo "2164"]
[Annotator "RC"]
[PlyCount "58"]
[EventDate "2019.12.01"]
[EventType "swiss"]
[EventCountry "IND"]
[SourceTitle "playchess.com"]
[Source "ChessBase"]
[SourceQuality "1"]
[TimeControl "5400+30"]

1. e4 c5 2. Nf3 e6 3. d4 cxd4 4. Nxd4 Nc6 5. c4 Nf6 6. Nc3 Bb4 7. f3 d5 8. cxd5 exd5 9. Bb5 O-O 10. Nxc6 bxc6 11. Bxc6 Nxe4 12. Qd4 Bc5 13. Qxd5 Qh4+ 14. g3 Bf2+ 15. Kd1 Nxg3 16. Bg5 Qh3 17. Bxa8 Nxh1 18. Kd2 Be6 19. Qe4 Qxh2 20. f4 Be1+ 21. Kxe1 Qf2+ 22. Kd1 Qxb2 23. Qxh1 Qxa1+ 24. Kd2 Qb2+ 25. Kd3 Rc8 26. Nd5 Bf5+ 27. Ke3 Qa3+ 28. Kd4 Qd3+ 29. Ke5 Qe2+ 0-1